 Dungeon Crawl Stone Soup version 0.31-a0-240-gb923e448b6 (webtiles) character file.

Game seed: 9367418838550443134

25 qw the Shooter (level 2, -8/24 HPs)
             Began as a Minotaur Hexslinger on July 12, 2023.
             Mangled by Terence
             ... wielding a +1 flail of venom
              (9 damage)
             ... on level 2 of the Dungeon.
             The game lasted 00:00:19 (1102 turns).

qw the Shooter (Minotaur Hexslinger)                Turns: 1102, Time: 00:00:20

Health: -8/24      AC:  2    Str: 12    XL:     2   Next: 82%
Magic:  2/2        EV: 12    Int: 10    God:
Gold:   8          SH:  0    Dex: 12    Spells: 2/3 levels left

rFire   + . .        Y - +1 sling
rCold   . . .        (no shield)
rNeg    . . .        c - +0 robe
rPois   .            (helmet restricted)
rElec   .            (no cloak)
rCorr   .            (no gloves)
SInv    .            (no boots)
Will    .....        (no amulet)
Stlth   +            f - ring of protection from fire
HPRegen 0.24/turn    (no ring)
MPRegen 0.08/turn

%: no passive effects
@: lethally poisoned (-8 -> -20)
A: horns 2, retaliatory headbutt
a: no special abilities


You were on level 2 of the Dungeon.
You visited 1 branch of the dungeon, and saw 2 of its levels.

You collected 8 gold pieces.


Innate Abilities, Weirdness & Mutations

You have a pair of horns on your head.
You reflexively headbutt those who attack you in melee.


   Skills:
 - Level 2.0 Fighting
 + Level 3.4 Ranged Weapons
 - Level 2.1 Dodging
 - Level 1.0 Spellcasting
 - Level 2.0 Hexes


You had 2 spell levels left.
You knew the following spells:

 Your Spells              Type           Power      Damage    Failure   Level
a - Slow                  Hex            16%        N/A       16%         1

Your spell library contained the following spells:

 Spells                   Type           Power      Damage    Failure   Level
 Inner Flame              Hex/Fire       2%         N/A       56%         3
 Portal Projectile        Hex/Tloc       4%         N/A       56%         3
 Cause Fear               Hex            2%         N/A       83%         4

Inventory:

Hand Weapons
 Y - a +1 sling (weapon)
Armour
 c - a +0 robe (worn)
Jewellery
 f - a ring of protection from fire (left hand)
Scrolls
 a - 3 scrolls of identify {unknown}
 b - a scroll of noise {unknown}

Dungeon Overview and Level Annotations

Branches:
Dungeon (2/15)

Altars:

Annotations:
D:2 Terence


Message History

Found 4 large rocks.
Things that are here:
a +0 club; 3 stones; a kobold corpse
a - 3 scrolls labelled SOUSEE XAJINGI (gained 2)
A rat comes into view.
You shoot a sling bullet. The sling bullet hits the rat.
The rat is moderately wounded.
You shoot a sling bullet. The sling bullet hits the rat.
You kill the rat!
Found a mace.
Enter note: Terence the Incautious comes into view.
He is wielding a +1 flail of venom.
Enter note: You shoot a sling bullet.
The sling bullet hits Terence but does no damage.
Terence looks scornfully at you.
You shoot a sling bullet. The sling bullet hits Terence.
Terence is lightly wounded.
You shoot a sling bullet. The sling bullet hits Terence.
Terence is moderately wounded.
Terence closely misses you.
You shoot a sling bullet. The sling bullet hits Terence.
Terence is heavily wounded.
Terence hits you with a +1 flail of venom!
You are poisoned.
You shoot a sling bullet.
The sling bullet closely misses Terence.
You feel very sick. Terence barely misses you.
You shoot a sling bullet.
The sling bullet hits Terence but does no damage.
Terence is heavily wounded.
You feel sick. Terence closely misses you. You furiously retaliate!
You headbutt Terence.
Terence hits you with a +1 flail of venom.
You are more poisoned.
You shoot a sling bullet. The sling bullet barely misses Terence.
You feel very sick.
Terence hits you with a +1 flail of venom!
You die...

#...#.#........
...##.#......##
...............
...##.#...#.##
...##.#...#.####
......#........#
#.)...#.#.#.##.# # #
#.....#.#.#.##.###.#...#
#.....#.#.#.##..@.......
#..(..#.#.#.#####@#..#.#
#.....#.#)#.# ... ...
#.....#.#.#.# ##..# #
####### #.... .... ####


You could see Terence.

Vanquished Creatures
  A dart slug (D:1)
  A ball python (D:1)
  A bat (D:1)
  3 endoplasms (D:1)
  A giant cockroach (D:1)
  2 goblins
  A hobgoblin (D:1)
  6 kobolds
  A quokka (D:1)
  A frilled lizard (D:1)
  2 rats (D:2)
20 creatures vanquished.

Notes
Turn   | Place    | Note
-------+----------+-------------------------------------------
     0 | D:1      | qw the Minotaur Hexslinger began the quest for the Orb.
     0 | D:1      | Reached XP level 1. HP: 16/16 MP: 1/1
     0 | D:1      | 0 ||| qw: Version: 0.3-a-52-g30416fa
     0 | D:1      | 0 ||| qw: Game counter: 6185
     0 | D:1      | 0 ||| qw: Melee chars always use a shield: true
     0 | D:1      | 0 ||| qw: God list: Okawaru
     0 | D:1      | 0 ||| qw: Allow faded altars: false
     0 | D:1      | 0 ||| qw: Do Orc after clearing Dungeon:15 true
     0 | D:1      | 0 ||| qw: Do second Lair branch before Depths: true
     0 | D:1      | 0 ||| qw: Lair rune preference: random
     0 | D:1      | 0 ||| qw: Goals: Normal
     0 | D:1      | 0 ||| PLANNING D:1-11
   290 | D:1      | Reached skill level 3 in Ranged Weapons
   301 | D:1      | Reached XP level 2. HP: 23/23 MP: 2/2
   995 | D:1      | 995 ||| UPGRADING to ring of protection from fire.
   996 | D:1      | 996 ||| READING scroll labelled SOIF BEMEDEXTEC.
   999 | D:1      | 999 ||| READING scroll labelled DOSCHU HEYXZIO.
  1000 | D:1      | 1000 ||| DROPPING scroll of poison.
  1095 | D:2      | Noticed Terence
  1101 | D:2      | HP: 5/24 [Terence/+1 flail of venom (4)]
  1102 | D:2      | HP: 1/24 [poisoned by Terence]
  1102 | D:2      | Mangled by Terence

Levels and vault maps discovered:
D:1:      kennysheep_arrival_seaside, layout_basic, kennysheep_decorative_pillar
D:2:      layout_basic, basic_altar, ebering_ecumenical_altar_sacrificial,
          uniq_terence

Skill      XL: |  1  2 |
---------------+-------+-----
Ranged Weapons | 3 |  3.4
Fighting       | 2 |  2.0
Dodging        | |  2.1
Spellcasting   | |  1.0
Hexes          | |  2.0

Action                     || total
---------------------------++-------
   Fire: Sling             ||    69
    Use: Scroll            ||     2
 Armour: Robe              ||     2
  Dodge: Dodged            ||    19

Table legend:
 A = Non-vault XP
 B = Vault XP
 C = Vault XP percentage of total XP
 D = Non-vault monster count
 E = Vault monster count
 F = Vault count percentage of total count
                 A         B        C        D         E       F
            +---------+---------+-------+---------+---------+-------
      Total |      36 |       0 |   0.0 |      20 |       0 |   0.0
            +---------+---------+-------+---------+---------+-------
        D:1 |      29 |       0 |   0.0 |      15 |       0 |   0.0
        D:2 |       7 |       0 |   0.0 |       5 |       0 |   0.0
            +---------+---------+-------+---------+---------+-------
